Unix NetHack Version 5.0.0-0 post-release - last build Jun 10 2026 00:39:30 (3ee93aec679c4c4259841fe613dc97188e26a321,branch:main).

Game began 2026-06-15 12:13:46, ended 2026-06-15 13:11:19.

LDaviesPeters, neutral female human Archeologist

                                                           ----
                                                         ---..--
                             ----                       --.....------
                              ..|                  -----|...........--
                              ...               ----...--.........)..--- --
                             -...          --- --.(.......^...*<.......--.|
                              ...         --.--|.....|.|.---.--.).[.......|
                              ...         |...---..------- ----....).)....|
                              ..       ---|.....`..|        --.........----
                              ..       |..|.....^.^----------...........|
                               .-      |.............--...--......|.---.-----
                              |.|      -----.`.................--.|.| |.....|
                              |%|          --..---.-........-.-|....| ----..-
                              |.|           |..|-.........|...|--...|   |....|
                              |)|           ----..---.|...|.--- -----   |....|
                              |.---------------.......--.-..|           --...|
                              |..|..--............--.>.....--            |...|
                              --..'@...----...------...-----             -----
                               ---.----- |...--   |...--
                                 ---     --.--    --.--
                                          ---      --
LDaviesPeters the Field Worker  St:11 Dx:12 Co:15 In:13 Wi:14 Ch:10  Neutral
Dlvl:3  $:0  HP:0(45) Pw:25(25) AC:7  Xp:5 T:3781 

Latest messages:
 The large kobold is almost hit by a dart!
 The large kobold picks up a dart.
 You kill the large kobold!
 You see here a dart.
 The dwarf wields a dagger!
 The dwarf thrusts his dagger.
 The dwarf hits!
 You lash the dwarf.
 The dwarf thrusts his dagger.
 The dwarf hits!
 You lash the dwarf.
 The dwarf thrusts his dagger.
 The dwarf hits!
 You kill the dwarf!
 The gnome lord throws a dagger!
 The dagger hits the gnome.
 The gnome is killed!
 The gnome lord hits!
 You lash the gnome lord.
 The hobbit picks up a dagger.
 The gnome lord hits!
 You kill the gnome lord!
 The hobbit throws a runed dagger!
 A runed dagger misses you.
 The hobbit wields a dagger!
 You miss the hobbit.
 You kill the hobbit!
 There is a hobbit corpse here; eat it? [ynq] (n) y
 Blecch!  Rotten food!
 You stop eating the hobbit corpse.
 Pick a monster, object or location.
 '        a golem (paper golem)
 You miss the paper golem.
 The paper golem hits!
 You lash the paper golem.
 The paper golem hits!
 You lash the paper golem.
 The paper golem hits!
 You lash the paper golem.
 The paper golem hits!
 You lash the paper golem.
 The paper golem hits!
 You lash the paper golem.
 The paper golem hits!
 You lash the paper golem.
 The paper golem hits!
 You miss the paper golem.
 The paper golem hits!
 You die...
 Do you want your possessions identified? [ynq] (y) q

Inventory:
 Amulets  ('"')
  V - an uncursed amulet of magical breathing
  N - an uncursed amulet versus poison (being worn)
 Weapons  (')')
  n - 5 +0 darts
  e - a +0 dagger
  I - a blessed +0 orcish dagger
  a - a +2 bullwhip (weapon in right hand)
  H - a cursed +0 morning star
 Armor    ('[')
  D - an uncursed +0 orcish helm (being worn)
  v - an uncursed +0 pair of water walking boots (being worn)
  h - an uncursed +0 leather jacket (being worn)
 Comestibles  ('%')
  G - an uncursed slime mold
  o - a cursed carrot
  m - an uncursed cram ration
  d - 3 uncursed food rations
  j - 2 uncursed tripe rations
 Scrolls  ('?')
  l - a blessed scroll of teleportation
 Rings    ('=')
  Q - an uncursed ring of free action (on right hand)
  R - an uncursed ring of invisibility
  c - an uncursed ring of polymorph control
  P - an uncursed ring of protection from shape changers (on left hand)
 Wands    ('/')
  z - a wand of cold (0:1)
  x - a wand of digging (0:3)
  M - a wand of locking (0:4)
 Tools    ('(')
  b - an uncursed sack containing 2 items
  i - a magic marker (0:22)
  p - an uncursed tin whistle
  f - a tinning kit (0:59)
 Gems/Stones  ('*')
  k - an uncursed chrysoberyl stone
  K - an uncursed garnet stone
  O - an uncursed worthless piece of blue glass
  X - an uncursed worthless piece of green glass
  g - an uncursed touchstone

Contents of the sack:
  98 gold pieces
  a +0 pick-axe

LDaviesPeters the Archeologist's attributes:

Background:
 You were a Field Worker, a level 5 female human Archeologist.
 You were neutral, nominally on a mission for Camaxtli
 who was opposed by Quetzalcoatl (lawful) and Huhetotl (chaotic).
 You were right-handed.
 You were in the Gnomish Mines, on level 3.
 You entered the dungeon 3781 turns ago.
 There was a new moon in effect when your adventure ended.
 You had 265 experience points, 55 more were needed to attain level 6.

Basics:
 You had 0 out of 45 hit points.
 You had all 25 energy points (spell power).
 Your armor class was 7.
 Your wallet was empty, but
 you had 98 zorkmids stashed away in your pack.
 Autopickup was off.

Final Characteristics:
 Your strength was 11 (limit:18/100).
 Your dexterity was 12 (limit:18).
 Your constitution was 15 (limit:18).
 Your intelligence was 13 (limit:18).
 Your wisdom was 14 (limit:18).
 Your charisma was 10 (limit:18).

Final Status:
 You weren't hungry.
 You were unencumbered.
 You were wielding a whip.
 You had basic skill with whip and could have enhanced that.

Final Attributes:
 You were piously aligned.
 You were poison resistant.
 You had automatic searching.
 You were stealthy.
 You could walk on water.
 You were protected from shape changers.
 You had free action.
 You are dead.

Miscellaneous:
 You didn't encounter any bones levels.
 Total elapsed playing time was 57 minutes and 33 seconds.

Major events:
 Turn
    1: LDaviesPeters the neutral female human Archeologist entered the dungeon
  359: entered the Gnomish Mines
 1542: attained the rank of Field Worker (level 3)
 3781: killed by a paper golem

You didn't know any spells.

Skills:
 Fighting Skills
   bare handed combat [Unskilled]
   two weapon combat  [Unskilled]
   riding             [Unskilled]
 Weapon Skills
   dagger             [Unskilled]
   knife              [Unskilled]
   pick-axe           [Basic]
   short sword        [Unskilled]
   saber              [Unskilled]
   club               [Unskilled]
   quarterstaff       [Unskilled]
   sling              [Unskilled]
   dart               [Unskilled]
   boomerang          [Unskilled]
   whip               [Basic]
   unicorn horn       [Unskilled]
 Spellcasting Skills
   attack spells      [Unskilled]
   healing spells     [Unskilled]
   divination spells  [Unskilled]
   matter spells      [Unskilled]

Voluntary challenges:
 Character rerolling was not enabled.
 You were an atheist.
 You never genocided any monsters.
 You never polymorphed an object.
 You never changed form.
 You used no wishes.
Achievements:
 You entered the Gnomish Mines.
 You entered a shop.
 You attained the rank of Field Worker.

 The Dungeons of Doom: levels 1 to 5
    Level 1:
       A fountain, a sink.
    Level 2:
       A general store.
       Stairs down to The Gnomish Mines.
    Level 3:
       A ring shop, a fountain, a sink, a grave.
    Level 4:
    Level 5:
 The Gnomish Mines: levels 3 to 4
    Level 3: <- You were here.
       Final resting place for
          you, killed by a paper golem.
    Level 4:


Vanquished creatures:
  a small mimic
  a fog cloud
  2 gnome leaders
  a giant ant
  2 dwarves
  a homunculus
  2 giant bats
 an orc zombie
  2 iguanas
  3 acid blobs
  a gas spore
  a hobbit
  2 large kobolds
  a hobgoblin
  7 cave spiders
  a red mold
  3 gnomes
  3 geckos
  5 jackals
  2 kobolds
  a goblin
  2 sewer rats
  7 grid bugs
  a bat
  5 lichens
  a kobold zombie
  7 newts
66 creatures vanquished.

No species were genocided or became extinct.

Game over:
                       ----------
                      /          \
                     /    REST    \
                    /      IN      \
                   /     PEACE      \
                  /                  \
                  |  LDaviesPeters   |
                  |      98 Au       |
                  |   killed by a    |
                  |   paper golem    |
                  |                  |
                  |                  |
                  |       2026       |
                 *|     *  *  *      | *
        _________)/\\_//(\/(/\)/\//\/|_)_______

Goodbye LDaviesPeters the Archeologist...

You died in The Gnomish Mines on dungeon level 3 with 1369 points,
and 98 pieces of gold, after 3781 moves.
You were level 5 with a maximum of 45 hit points when you died.

